 Dungeon Crawl Stone Soup version 0.20.1-1-g8b1a95d (webtiles) character file.

23 Ladhar the Charmwright (level 2, -1/25 HPs)
             Began as a Draconian Skald on Oct 24, 2017.
             Slain by a leopard gecko skeleton (3 damage)
             ... on level 2 of the Dungeon.
             The game lasted 00:04:34 (1459 turns).

Ladhar the Charmwright (Draconian Skald)            Turns: 1459, Time: 00:04:35

Health: -1/25      AC:  4    Str: 13    XL:     2   Next: 75%
Magic:  14/14      EV: 12    Int: 13    God:
Gold:   47         SH:  0    Dex: 10    Spells: 4/5 levels left

rFire    . . .     SeeInvis .   a - +0 mace
rCold    . . .     Gourm    .   (no shield)
rNeg     . . .     Faith    .   (armour unavailable)
rPois    .         Spirit   .   (helmet restricted)
rElec    .         Reflect  .   (no cloak)
rCorr    .         Harm     .   (no gloves)
MR       .....                  (no boots)
Stlth    +.........             (no amulet)
Regen    0.1/turn               f - ring of magical power
MPRegen  0.2/turn               (no ring)

@: lethally poisoned (-1 -> -8)
A: unfitting armour, cold-blooded, AC +4
a: no special abilities


You were on level 2 of the Dungeon.
You were not hungry.

You visited 1 branch of the dungeon, and saw 2 of its levels.

You collected 47 gold pieces.

Inventory:

Hand Weapons
 a - a +0 mace (weapon)
 h - a +0 short sword of freezing
Jewellery
 f - a ring of magical power (left hand)
Scrolls
 d - 3 scrolls of teleportation {unknown}
 g - a scroll of identify {unknown}
 i - a scroll of amnesia {unknown}
 j - a scroll of fog {unknown}
 l - a scroll of blinking {unknown}
 n - a scroll of fear {unknown}
Potions
 e - 2 potions of curing {unknown}
 k - a potion of haste {unknown}
 m - a potion of mutation {unknown}
 o - a potion of berserk rage {unknown}
Books
 b - a book of Battle

   Spells                             Type                      Level
   a - Infusion                       Charms                       1
   b - Shroud of Golubria             Charms/Translocation         2
   c - Song of Slaying                Charms                       2
   d - Spectral Weapon                Hexes/Charms                 3
   e - Regeneration                   Charms/Necromancy            3
Comestibles
 c - a bread ration


   Skills:
 - Level 2.4 Fighting
 * Level 2.6 Maces & Flails
 - Level 2.3 Dodging
 - Level 0.2 Stealth
 - Level 2.0 Spellcasting
 - Level 3.0 Charms


You had 4 spell levels left.
You knew the following spells:

 Your Spells              Type           Power        Failure   Level  Hunger
a - Infusion              Chrm           #...         8%          1    ##.....


Dungeon Overview and Level Annotations

Branches:
Dungeon (2/15)

Altars:


Innate Abilities, Weirdness & Mutations

Your plain brown scales are hard. (AC +4)
You cannot fit into any form of body armour.
You are cold-blooded and may be slowed by cold attacks.


Message History

You kill the goblin!
You feel sick. The adder bites you.
You barely miss the adder.
The adder is severely wounded.
The adder bites you but does no damage.
The leopard gecko skeleton bites you but does no damage.
The adder bites you.
* * * LOW HITPOINT WARNING * * *
You miss the adder.
Your tail-slap misses the adder.
The adder is severely wounded.
The adder bites you.
* * * LOW HITPOINT WARNING * * *
The leopard gecko skeleton bites you but does no damage.
You barely miss the adder.
The adder is severely wounded.
You feel sick. The adder bites you.
* * * LOW HITPOINT WARNING * * *
You are lethally poisoned!
The adder poisons you! The leopard gecko skeleton bites you.
You die...

#.. ... #.######.##..###
#..............
###..##.##.##..#####
#..................# #
#...#<##......#
#.#...#.........######.#
.......###.<<#..........
...............Z@###
.............#.#S##
......###.......Z.#
...#.........#.#..####.#
.......................#
...##.##..........####.#
............##.#.?#
...#...........#.......#
. ......................


You could see an adder, a giant cockroach zombie and a leopard gecko skeleton.

Vanquished Creatures
  A leopard gecko (D:1)
  2 goblins
  7 hobgoblins (D:1)
  A ball python (D:1)
  5 bats (D:1)
  3 kobolds (D:1)
  A rat (D:1)
20 creatures vanquished.

Notes
Turn   | Place    | Note
-------+----------+-------------------------------------------
     0 | D:1      | Ladhar the Draconian Skald began the quest for the Orb.
     0 | D:1      | Reached XP level 1. HP: 17/17 MP: 3/3
   527 | D:1      | Reached skill level 3 in Charms
   531 | D:1      | Reached XP level 2. HP: 13/25 MP: 5/5
  1459 | D:2      | Slain by a leopard gecko skeleton

Skill      XL: |  1 |
---------------+----+-----
Charms         | 3 |  3.0
Fighting       | |  2.4
Maces & Flails | |  2.6
Dodging        | |  2.3
Stealth        | |  0.2
Spellcasting   | |  2.0

Action                   || total
-------------------------++-------
Melee: Mace              ||    74
       Tailslap          ||     4
  Eat: Chunk             ||     2
Armor: Skin              ||    38
Dodge: Dodged            ||    64
